 Dungeon Crawl Stone Soup version 0.29.1-12-g30fa7ad0bf (webtiles) character file.

Game seed: 3976813105444063890

62 sanboga the Ruffian (level 4, -13/46 HPs)
             Began as an Octopode Berserker on Dec 20, 2022.
             Was a Believer of Trog.
             Mangled by Crazy Yiuf
             ... wielding a +3 quarterstaff of chaos
              (15 damage)
             ... on level 2 of the Dungeon.
             The game lasted 00:01:49 (2233 turns).

sanboga the Ruffian (Octopode Berserker)            Turns: 2233, Time: 00:01:50

Health: -13/46     AC:  1    Str: 18    XL:     4   Next: 8%
Magic:  3/4        EV: 13    Int:  9    God:    Trog [**....]
Gold:   84         SH:  0    Dex: 11    Spells: 3/3 levels left

rFire   . . .      SeeInvis .     - Unarmed
rCold   . . .      Faith    .   (no shield)
rNeg    . . .      Spirit   .   (helmet restricted)
rPois   .          Reflect  .   (no amulet)
rElec   .          Harm     .   (no ring)
rCorr   .          Rampage  .   (no ring)
Will    .....                   (no ring)
Stlth   ..........              (no ring)
HPRegen 0.15/turn               (no ring)
MPRegen 0.09/turn               (no ring)
                                (no ring)
                                (no ring)

@: berserking, very quick
A: almost no armour, amphibious, 8 rings, camouflage 1, gelatinous body 1,
(nimble swimmer 1), tentacles
a: Renounce Religion, Berserk, Trog's Hand


You were on level 2 of the Dungeon.
You worshipped Trog.
Trog was pleased with you.
You visited 1 branch of the dungeon, and saw 2 of its levels.

You collected 140 gold pieces.
You spent 56 gold pieces at shops.

Inventory:

Scrolls
 a - a scroll of vulnerability {unknown}
 c - 6 scrolls of identify {unknown}
 d - 2 scrolls of fog {unknown}
 e - a scroll of immolation {unknown}
 h - a scroll of summoning {unknown}
 j - a scroll of teleportation
 k - a scroll of amnesia {unknown}
 m - a scroll of fear {unknown}
Potions
 b - a potion of heal wounds {unknown}
 f - a potion of cancellation {unknown}
 g - 2 potions of curing {unknown}
 i - a potion of berserk rage {unknown}
 l - 2 potions of flight {unknown}
 n - a potion of brilliance {unknown}


   Skills:
 + Level 3.4 Fighting
 + Level 3.4 Dodging
 + Level 2.0 Stealth
 * Level 3.8 Unarmed Combat


You had 3 spell levels left.
You didn't know any spells.
Your spell library was empty.

Dungeon Overview and Level Annotations

Branches:
Dungeon (2/15)

Altars:

Shops:
D:1 ?

Annotations:
D:2 Crazy Yiuf


Innate Abilities, Weirdness & Mutations

You cannot wear most types of armour.
You are amphibious.
You can wear up to eight rings at the same time.
Your skin changes colour to match your surroundings (Stealth+).
Your rubbery body absorbs attacks. (AC +1, EV +1)
((You are camouflaged when in or above water. (Stealth+)))
You have tentacles for arms and can constrict up to eight enemies at once.


Message History

There is a shaft here.
Key pressed, stopping explore.
No target in view!
There is a stone staircase leading up here.
Crazy Yiuf shouts!
Crazy Yiuf yells, "Cod pontify ragdoll!"
Crazy Yiuf twirls on the spot.
Crazy Yiuf cries, "Seed!"
No reachable target in view!
No reachable target in view!
No reachable target in view!
As you open the door, it creaks loudly!
Crazy Yiuf screams, "Shower!
Lay Orb Guardian sing."
You barely miss Crazy Yiuf. Your grab misses Crazy Yiuf.
Crazy Yiuf closely misses you.
You barely miss Crazy Yiuf. Your grab misses Crazy Yiuf.
You squeeze Crazy Yiuf.
Crazy Yiuf is lightly wounded.
You barely miss Crazy Yiuf. Your grab misses Crazy Yiuf.
Crazy Yiuf is lightly wounded.
Crazy Yiuf says, "East horse sow!"
Crazy Yiuf completely misses you.
You barely miss Crazy Yiuf. Your grab misses Crazy Yiuf.
Crazy Yiuf is lightly wounded.
Crazy Yiuf hits you with a +3 quarterstaff of chaos!
You closely miss Crazy Yiuf. Your grab misses Crazy Yiuf.
You squeeze Crazy Yiuf.
Crazy Yiuf is moderately wounded.
Crazy Yiuf hits you with a +3 quarterstaff of chaos.
You feel your power leaking away.
You barely miss Crazy Yiuf. You grab Crazy Yiuf.
Crazy Yiuf is moderately wounded.
You constrict Crazy Yiuf.
Crazy Yiuf hits you with a +3 quarterstaff of chaos!
* * * LOW HITPOINT WARNING * * *
You are too injured to fight recklessly!
A red film seems to cover your vision as you go berserk!
You feel yourself moving faster!
You feel mighty!
You constrict Crazy Yiuf.
Crazy Yiuf hits you with a +3 quarterstaff of chaos!
You die...

#.# #. ##.# #. ##..#
#♣ #.#.# ♣ ##>## ♣
♣♣♣♣♣###...###♣ ###
♣♣♣.♣............
#...#♣..♣...........♣♣
#...g@♣♣♣♣.......##♣..
#)..#♣♣ ♣♣....#.# ♣♣♣
### ♣♣####.# #♣
#.####. #.).... ###
######. #.# ######.
#.###......
#..........


You could see Crazy Yiuf.

Vanquished Creatures
  An adder (D:2)
  A worm (D:2)
  3 ball pythons
  6 bats
  5 endoplasms
  2 giant cockroaches
  2 hobgoblins (D:2)
  8 jackals
  5 kobolds
  2 quokkas (D:1)
  4 frilled lizards
  3 goblins
  A rat (D:1)
43 creatures vanquished.

Notes
Turn   | Place    | Note
-------+----------+-------------------------------------------
     0 | D:1      | sanboga the Octopode Berserker began the quest for the Orb.
     0 | D:1      | Reached XP level 1. HP: 16/16 MP: 1/1
     2 | D:1      | Noticed a naga
     2 | D:1      | Noticed a human
     4 | D:1      | Noticed a vampire
     4 | D:1      | Noticed a merfolk
     6 | D:1      | Noticed a gargoyle
     8 | D:1      | Noticed a felid
     8 | D:1      | Noticed a ghoul
    10 | D:1      | Noticed a tengu
    10 | D:1      | Noticed a minotaur
    12 | D:1      | Noticed a demigod
    12 | D:1      | Noticed a draconian
    14 | D:1      | Noticed a formicid
    14 | D:1      | Noticed an octopode
    16 | D:1      | Noticed a troll
    18 | D:1      | Noticed a meteoran
    18 | D:1      | Noticed a palentonga
    20 | D:1      | Noticed a vine stalker
    20 | D:1      | Noticed a spriggan
    22 | D:1      | Noticed an elf
    24 | D:1      | Noticed a demonspawn
    24 | D:1      | Noticed a naga
    26 | D:1      | Noticed an ogre
    26 | D:1      | Noticed a felid
   292 | D:1      | Reached XP level 2. HP: 21/21 MP: 2/2
   294 | D:1      | Found Cetzeeti's Magic Scroll Emporium.
   302 | D:1      | Bought a scroll of noise for 14 gold pieces
   319 | D:1      | Reached skill level 1 in Stealth
   886 | D:1      | Bought a scroll of teleportation for 42 gold pieces
   915 | D:1      | Reached XP level 3. HP: 19/26 MP: 3/3
  1237 | D:2      | Reached ** piety under Trog
  1709 | D:2      | Reached XP level 4. HP: 31/31 MP: 4/4
  1760 | D:2      | Found a faded altar of an unknown god.
  1830 | D:2      | Found a runed translucent door.
  1831 | D:2      | Noticed Crazy Yiuf
  2232 | D:2      | HP: 1/31 [Crazy Yiuf/+3 quarterstaff of chaos (15)]
  2233 | D:2      | Mangled by Crazy Yiuf

Illustrated notes

Levels and vault maps discovered:
D:1:      kb_arrival_jail, layout_basic, serial_shops, shop, minmay_tromino_i2
D:2:      layout_loops_ring, shapermc_ecumenical_altar_totnotflames,
          uniq_crazy_yiuf_cottage

Skill      XL: |  1  2  3 |
---------------+----------+-----
Stealth        | 1 2 |  2.0
Fighting       | |  3.4
Dodging        | |  3.4
Unarmed Combat | |  3.8

Action                   |  1- 3 |  4- 6 || total
-------------------------+-------+-------++-------
Melee: Unarmed           |    94 |    13 ||   107
       Constrict         |    19 |     3 ||    22
       Tentacles         |    14 |     2 ||    16
       Punch             |     1 |       ||     1
Invok: Berserk           |       |     1 ||     1
 Stab: Sleeping          |     6 |     2 ||     8
       Distracted        |     1 |       ||     1
Armor: Skin              |    10 |       ||    10
Dodge: Dodged            |    46 |     4 ||    50
